 Dungeon Crawl Stone Soup version 0.31.0-11-ge490571c62 (webtiles) character file.

Game seed: 12886309766125597962

225 Curundu the Chopper (level 5, -6/47 HPs)
             Began as a Minotaur Berserker on Feb 6, 2024.
             Was a Believer of Trog.
             Mangled by a gnoll
             ... wielding a +0 flail of venom
              (7 damage)
             ... on level 3 of the Dungeon.
             The game lasted 00:08:43 (3285 turns).

Curundu the Chopper (Minotaur Berserker)            Turns: 3285, Time: 00:08:45

Health: -6/47      AC: 16    Str: 23    XL:     5   Next: 68%
Magic:  4/4        EV:  7    Int:  4    God:    Trog [**....]
Gold:   75         SH:  0    Dex: 10    Spells: 4/4 levels left

rFire   . . .        g - +2 hand axe (elec)
rCold   . . .        (no shield)
rNeg    . . .        e - +4 plate armour
rPois   .            (helmet restricted)
rElec   .            (no cloak)
rCorr   .            (no gloves)
SInv    .            (no boots)
Will    ++...        (no amulet) Stlth
                     (no ring)
HPRegen 1.27/turn    (no ring)
MPRegen 0.09/turn

%: no passive effects
@: lethally poisoned (-6 -> -15), strong-willed, regenerating
A: horns 2, retaliatory headbutt
a: Renounce Religion, Berserk, Trog's Hand


You were on level 3 of the Dungeon.
You worshipped Trog.
Trog was pleased with you.
You visited 1 branch of the dungeon, and saw 3 of its levels.

You collected 75 gold pieces.

Inventory:

Hand Weapons
 a - a +0 war axe
 g - a +2 hand axe of electrocution (weapon)
Armour
 e - a +4 plate armour (worn)
Jewellery
 k - a ring of fire
Wands
 j - a wand of flame (29)
Scrolls
 b - 6 scrolls of identify {unknown}
 c - a scroll of fear {unknown}
 f - a scroll of blinking {unknown}
 h - 2 scrolls of noise {unknown}
Potions
 d - a potion of enlightenment {unknown}
 i - a potion of magic {unknown}
 l - a potion of curing {unknown}


   Skills:
 + Level 4.4 Fighting
 + Level 5.5 Axes
 * Level 4.5 Armour
 + Level 2.5 Dodging
 * Level 1.5 Evocations


You had 4 spell levels left.
You didn't know any spells.
Your spell library was empty.

Dungeon Overview and Level Annotations

Branches:
Dungeon (3/15)

Altars:

Shops:
D:1 =


Innate Abilities, Weirdness & Mutations

You have a pair of horns on your head.
You reflexively headbutt those who attack you in melee.


Message History

You barely miss the gnoll. The gnoll barely misses you.
You hit the gnoll. You headbutt the gnoll.
The gnoll is moderately wounded.
The gnoll hits you but does no damage.
The gnoll hits you from afar with a +0 halberd.
The gnoll hits you but does no damage.
You are poisoned.
The gnoll barely misses you.
You completely miss the gnoll. Your headbutt misses the gnoll.
The gnoll is moderately wounded.
You feel sick. The gnoll closely misses you. The gnoll barely misses you.
You furiously retaliate!
You headbutt the gnoll, but do no damage.
You hit the gnoll.
The gnoll is heavily wounded.
You feel sick.
The gnoll hits you with a +0 flail of venom.
You are more poisoned.
The gnoll hits you from afar with a +0 halberd!
You closely miss the gnoll.
The gnoll is heavily wounded.
You feel very sick.
The gnoll hits you from afar with a +0 halberd.
The gnoll hits you with a +0 flail of venom.
You are more poisoned.
You closely miss the gnoll.
The gnoll is heavily wounded.
You feel very sick. The gnoll hits you but does no damage.
You are lethally poisoned!
The gnoll hits you from afar with a +0 halberd.
* * * LOW HITPOINT WARNING * * *
Your skin crawls.
You feel strong-willed.
* * * LOW HITPOINT WARNING * * *
You feel very sick.
The gnoll hits you from afar with a +0 halberd!
* * * LOW HITPOINT WARNING * * *
The gnoll hits you with a +0 flail of venom!
You die...

##################.##.#######.###
...................##.# #...#
#####################.# ###.# #
#.# #.# # #.# #.# #####
###########.# #.# ....#
#...........# #.# ###.#
#.############ #.# #.#
#.#...@ggh.... #.# #.#
#)#.########## #.#
#.#######)#.#################.#
#.....))..#............)......#
#.###########################.#
### ###


You could see a hound and 2 gnolls.

Vanquished Creatures
  A bombardier beetle (D:3)
  2 orc priests (D:3)
  An orc wizard (D:3)
  2 adders
  2 ribbon worms
  2 dart slugs
  12 orcs (D:3)
  8 ball pythons
  6 endoplasms
  3 giant cockroaches
  5 goblins
  5 hobgoblins
  2 jackals (D:1)
  3 kobolds
  3 quokkas
  6 bats
  2 frilled lizards
  2 rats
67 creatures vanquished.

Notes
Turn   | Place    | Note
-------+----------+-------------------------------------------
     0 | D:1      | Curundu the Minotaur Berserker began the quest for the Orb.
     0 | D:1      | Reached XP level 1. HP: 19/19 MP: 0/0
   117 | D:1      | Found a faded altar of an unknown god.
   189 | D:1      | Reached XP level 2. HP: 27/27 MP: 1/1
   192 | D:1      | Reached skill level 4 in Axes
   314 | D:1      | Found Wysmiy's Jewellery Shop.
  1569 | D:2      | Reached XP level 3. HP: 33/33 MP: 2/2
  1927 | D:2      | Reached ** piety under Trog
  2279 | D:3      | Reached skill level 1 in Evocations
  2312 | D:3      | Reached XP level 4. HP: 40/40 MP: 3/3
  2451 | D:3      | Reached skill level 5 in Axes
  2451 | D:3      | Reached XP level 5. HP: 40/47 MP: 4/4
  3285 | D:3      | HP: 1/47 [gnoll/+0 halberd (7)]
  3285 | D:3      | Mangled by a gnoll

Illustrated notes

Levels and vault maps discovered:
D:1:      doesnt_arrival_eight_statues, layout_basic, serial_shops, shop,
          shapermc_ecumenical_altar_rom_forum, serial_bayou_pond_d,
          corexii_hall_statues_i
D:2:      layout_loops_ring, grunt_ministairs_7
D:3:      layout_basic

Skill      XL: |  1  2  3  4  5 |
---------------+----------------+-----
Fighting       | 4 |  4.4
Axes           | 4 5 |  5.5
Evocations     | 1 |  1.5
Armour         | 3 4 |  4.5
Dodging        | |  2.5

Action                     |  1- 3 |  4- 6 || total
---------------------------+-------+-------++-------
  Melee: Hand axe          |    86 |    55 ||   141
         Headbutt          |    12 |     8 ||    20
 Invoke: Trog's Hand       |       |     3 ||     3
 Armour: Animal skin       |    19 |       ||    19
         Plate armour      |    43 |    40 ||    83
  Dodge: Dodged            |    39 |    24 ||    63
